 Dungeon Crawl Stone Soup version 0.28-b1-25-g9875b3fc8c (webtiles) character file.

Game seed: 11514421796595917866

470 sanka the Magician (level 7, 0/50 HPs)
             Began as a Djinni Cinder Acolyte on Feb 5, 2022.
             Was a High Priest of Ignis.
             Slain by a gnoll (3 damage)
             ... on level 3 of the Dungeon.
             The game lasted 00:05:30 (4601 turns).

sanka the Magician (Djinni Cinder Acolyte)          Turns: 4601, Time: 00:05:33

Health: 0/50       AC:  2    Str: 13    XL:     7   Next: 31%
Gold:   77         EV: 11    Int: 18    God:    Ignis [*****.] SH:  0 Dex:  8

rFire   + + +      SeeInvis .   m - +0 flail
rCold   x . .      Faith    .   (no shield)
rNeg    + . .      Spirit   .   a - +0 robe
rPois   ∞          Reflect  .   (no helmet)
rElec   .          Harm     .   (no cloak)
rCorr   .          Rampage  .   (no gloves)
Will    .....                   (boots unavailable)
Stlth   +.........              (no amulet)
HPRegen 0.16/turn               d - ring of positive energy
MPRegen 0.00/turn               (no ring)

@: flying, very slightly contaminated
A: sickness immunity, fire resistance 2, cold vulnerability 1, float, innate
caster, HP casting, extra vitality 1
a: Renounce Religion, Fiery Armour, Foxfire Swarm, Rising Flame


You were on level 3 of the Dungeon.
You worshipped Ignis.
Ignis was extremely pleased with you.
You visited 1 branch of the dungeon, and saw 4 of its levels.

You collected 77 gold pieces.

Inventory:

Hand Weapons
 l - a +1 dagger of venom
 m - a +0 flail (weapon)
Armour
 a - a +0 robe (worn)
Jewellery
 d - a ring of positive energy (left hand)
 h - an amulet of the acrobat
Scrolls
 b - 2 scrolls of teleportation {unknown}
 e - a scroll of magic mapping {unknown}
 g - a scroll of fog {unknown}
 i - 2 scrolls of enchant weapon {unknown}
 j - a scroll of fear {unknown}
 n - a scroll of identify {unknown}
 o - a scroll of amnesia {unknown}
Potions
 c - 2 potions of haste {unknown}
 f - 2 potions of degeneration {unknown}
 k - a potion of attraction {unknown}


   Skills:
 - Level 3.0 Fighting
 - Level 3.0 Unarmed Combat
 + Level 6.0 Spellcasting


You had 10 spell levels left.
You knew the following spells:

 Your Spells              Type           Power      Damage    Failure   Level
a - Scorch                Fire           54%        2d8       1%          2
b - Sandblast             Erth           54%        2d13      1%          1
c - Searing Ray           Conj           54%        2d6       1%          2
d - Conjure Flame         Conj/Fire      27%        6-21      3%          3
Your spell library was empty.

Dungeon Overview and Level Annotations

Branches:
Dungeon (4/15)
 Temple: D:4-7

Altars:

Shops:
D:3 *

Annotations:
D:3 1 runed translucent door, Lathuz's ghost, amateur MiBe


Innate Abilities, Weirdness & Mutations

You are immune to sickness and miasma.
You are immune to poison.
Your flesh is very heat resistant. (rF++)
You are vulnerable to cold. (rC-)
You float through the air rather than walking.
You learn spells naturally, not from books.
Your magical power is your life essence.
You have superior vitality. (+4 MHP)


Message History

The kobold throws a stone.
The stone closely misses you.
Flames lash the kobold.
You kill the kobold!
You fly upwards.
Level annotation: 1 runed translucent door, Lathuz's ghost, amateur MiBe
There is a stone staircase leading down here.
Unknown command.
You start resting.
HP restored.
You fly downwards.
The gnoll barely misses you. The adder bites you.
The gnoll hits you with a +0 flail. The adder bites you.
There is a stone staircase leading up here.
Unknown command.
Flames lash the gnoll.
The gnoll is heavily wounded.
The gnoll's fire resistance burns away.
You hear an angry hiss.
The adder completely misses you. The gnoll closely misses you.
Flames lash the adder.
The adder is severely wounded.
The adder's fire resistance burns away.
The adder bites you. The gnoll hits you with a +0 flail!
You miscast Scorch.
You are very lightly contaminated with residual magic.
Nothing appears to happen.
The adder bites you. The gnoll hits you with a +0 flail.
The adder bites you but does no damage.
You are too injured to fight recklessly!
The adder barely misses you. The gnoll hits you with a +0 flail!
* * * LOW HITPOINT WARNING * * *
You fly upwards.
Level annotation: 1 runed translucent door, Lathuz's ghost, amateur MiBe
There is a stone staircase leading down here.
Unknown command.
Casting: Scorch (safe; 1% risk of failure)
Confirm with . or Enter, or press ? or * to list all spells.
Flames lash the adder.
The adder is burned terribly!
You kill the adder!
* * * LOW HITPOINT WARNING * * *
The gnoll hits you with a +0 flail.
You die...

.#.#.#.###.#####.##.#####...##..'
...........#...................##
#.#.#..#####.........#........###
.....### #.......(....#..#..# #
..#.## #.......###<##.##### #
..#.### #.......###.##.#
..#...######...........##.#
.........(.......(.###..#.#
...##.######....@.........#######
##.##.# #..>..g.####..........
#.##.# #.......#..........###
#.##.# #########..........#
#..#.# #..........# ##.#.#
#..........# #...# #..........#
##..# #..^.......# ####
#..........#


You could see a gnoll (combustible).

Vanquished Creatures
  Grinder (D:3)
  A centaur (D:3)
  A jelly (D:3)
  An iguana (D:3)
  A hound skeleton (D:4)
  4 gnolls (D:3)
  3 adders
  A worm (D:2)
  2 dart slugs
  4 orcs
  4 endoplasms
  A giant cockroach (D:3)
  2 goblins
  7 hobgoblins
  6 jackals
  5 kobolds
  3 quokkas (D:2)
  4 ball pythons
  4 bats
  3 frilled lizards
  2 rats
60 creatures vanquished.

Notes
Turn   | Place    | Note
-------+----------+-------------------------------------------
     0 | D:1      | sanka the Djinni Cinder Acolyte began the quest for the
                  | Orb.
     0 | D:1      | Reached XP level 1. HP: 20/20 MP: 0/0
   286 | D:1      | Reached XP level 2. HP: 15/25 MP: 0/0
   480 | D:1      | Reached skill level 3 in Spellcasting
  1250 | D:2      | Reached XP level 3. HP: 26/30 MP: 0/0
  1250 | D:2      | Learned a level 1 spell: Sandblast
  2090 | D:2      | Found a faded altar of an unknown god.
  2116 | D:2      | Reached XP level 4. HP: 29/35 MP: 0/0
  2573 | D:3      | Noticed Grinder
  2590 | D:3      | Killed Grinder
  2591 | D:3      | Reached skill level 5 in Spellcasting
  2591 | D:3      | Reached XP level 5. HP: 31/40 MP: 0/0
  2591 | D:3      | Learned a level 2 spell: Searing Ray
  2591 | D:3      | Reached XP level 6. HP: 36/46 MP: 0/0
  3494 | D:3      | Found a runed translucent door.
  3498 | D:3      | Noticed Lathuz's ghost (amateur MiBe)
  3559 | D:3      | Found Qoam's Assorted Antiques.
  3614 | D:3      | Reached XP level 7. HP: 38/50 MP: 0/0
  3614 | D:3      | Learned a level 3 spell: Conjure Flame
  4159 | D:3      | Reached skill level 6 in Spellcasting
  4601 | D:3      | Slain by a gnoll

Illustrated notes

Levels and vault maps discovered:
D:1:      giann_horns, layout_rooms, serial_bayou, serial_bayou_pond_d,
          serial_bayou_crossing, serial_bayou_pond_c, serial_bayou_pond_e,
          minmay_misc_feat_more_columns
D:2:      layout_basic, hellmonk_ecumenical_altar_dog_temple
D:3:      layout_rooms, serial_shops, shop, ebering_ghost_inner_flame,
          hex_large, dk_noncrumbling_2, uniq_grinder
D:4:      layout_layer_cave, minmay_bent, uniq_duvessa

Skill      XL: |  1  2  3  4  5  6  7 |
---------------+----------------------+-----
Spellcasting   | 3 5 6 |  6.0
Fighting       | |  3.0
Unarmed Combat | |  3.0

Action                   |  1- 3 |  4- 6 |  7- 9 || total
-------------------------+-------+-------+-------++-------
Melee: Unarmed           |    47 |    15 |       ||    62
       Punch             |     1 |       |       ||     1
 Cast: Scorch            |    32 |    31 |    23 ||    86
Armor: Robe              |    13 |     8 |     1 ||    22
Dodge: Dodged            |    22 |    16 |    13 ||    51
